 Dungeon Crawl Stone Soup version 0.25.0-9-g26727b657a (webtiles) character file.

Game seed: 16992508598807896644

58 Descartes the Sneak (level 3, -1/14 HPs)
             Began as a Felid Enchanter on June 20, 2020.
             Slain by Crazy Yiuf
             ... wielding a +2 quarterstaff of chaos
              (7 damage)
             ... on level 2 of the Dungeon.
             The game lasted 00:05:39 (2919 turns).

Descartes the Sneak (Felid Enchanter)               Turns: 2919, Time: 00:05:39

Health: -1/14      AC:  1    Str:  5    XL:     3   Next: 76%
Magic:  7/7        EV: 23    Int: 16    God:
Gold:   70         SH:  0    Dex: 16    Spells: 0/6 levels left
                                        Lives:  0   Deaths: 0

rFire    . . .     SeeInvis +     - Unarmed
rCold    . . .     Gourm    .   (shield unavailable)
rNeg     . . .     Faith    .   (armour unavailable)
rPois    .         Spirit   .   (helmet unavailable)
rElec    .         Reflect  .   (cloak unavailable)
rCorr    .         Harm     .   (gloves unavailable)
MR       .....                  (boots unavailable)
Stlth    +++.......             (no amulet)
HPRegen  0.04/turn              (no ring)
MPRegen  0.10/turn              (no ring)

@: agile, quick
A: very small, no armour, no weapons or thrown items, stealth, claws 1, fangs 3,
see invisible, carnivore, speed 1, shaggy fur 1, slow metabolism 1, sharp paws
a: no special abilities


You were on level 2 of the Dungeon.
You were very full.

You visited 1 branch of the dungeon, and saw 2 of its levels.

You collected 70 gold pieces.

Inventory:

Missiles
 a - 56 stones
 c - 38 arrows
Jewellery
 k - an uncursed ring of positive energy {unknown}
 l - an uncursed ring of positive energy {unknown}
Scrolls
 f - 2 scrolls of random uselessness {unknown}
 h - a scroll of enchant armour {unknown}
 i - 2 scrolls of fog {unknown}
 j - 2 scrolls of remove curse {unknown}
Potions
 d - a potion of cancellation {unknown}
 e - 2 potions of lignification {unknown}
 g - a potion of resistance {unknown}
Comestibles
 b - 6 rations


   Skills:
 + Level 3.3 Dodging
 * Level 5.1 Stealth
 * Level 2.2 Unarmed Combat
 + Level 2.0 Spellcasting
 + Level 4.9 Hexes


You couldn't memorise any spells.
You knew the following spells:

 Your Spells              Type           Power        Failure   Level  Hunger
a - Confusing Touch       Hex            ###.....     9%          3    ###....
b - Corona                Hex            ###....      2%          1    #......
c - Ensorcelled Hibernat  Hex/Ice        #.....       12%         2    ###....

Your spell library contained the following spells:

 Spells                   Type           Power        Failure   Level  Hunger
 Tukima's Dance           Hex            ###.....     9%          3    ###....
 Dazzling Flash           Conj/Hex       #.....       22%         3    ###....


Dungeon Overview and Level Annotations

Branches:
Dungeon (2/15)

Altars:
Nemelex Xobeh
Yredelemnul

Annotations:
D:2 Crazy Yiuf


Innate Abilities, Weirdness & Mutations

You cannot wear armour.
You are incapable of wielding weapons or throwing items.
Your paws allow you to move quietly. (Stealth)
You have sharp claws.
You have razor-sharp teeth.
You have supernaturally acute eyesight. (SInv)
You are carnivorous and can eat meat at any time.
You cover ground quickly.
You are covered in fur. (AC +1)
You have a slow metabolism.
Your sharp claws are effective at attacking unaware monsters.


Message History

You closely miss the hobgoblin. Your bite misses the hobgoblin.
The hobgoblin is severely wounded.
The hobgoblin closely misses you.
You barely miss the hobgoblin. You bite the hobgoblin.
You kill the hobgoblin!
Found a stone staircase leading up.
You now have 70 gold pieces (gained 10).
There is an escape hatch in the ceiling here.
There is a stone staircase leading down here.
You open the door.
There is an open translucent door here.
Crazy Yiuf hits you with a +2 quarterstaff of chaos!
Ouch! That really hurt!
You feel agile all of a sudden.
You scratch Crazy Yiuf but do no damage.
You bite Crazy Yiuf.
Crazy Yiuf is lightly wounded.
Crazy Yiuf hits you with a +2 quarterstaff of chaos!
Ouch! That really hurt!
You die...

#..####.##
♣.PP♣♣ #.#
##...###.#
♣♣.♣♣ #.#
##..#..##.#
♣.♣♣
#.#####
...###.##.#
♣♣.♣
#......
##..#..##.#
♣.♣♣
#######
##...###.#
♣♣.♣ #####
## #####
#.# ##'##
#...# #.
#.# #...#
###.# #.
#.# #.@.#
#.# #.
#########.#
#.g)# #.#
#.
..........#
##### #.#
#.
###########
#.# #. #
### #.# ##.
# #.# #.#
#.. # #.#
#.# ##. #
#.# #.# ##
# #.# #.#


You could see Crazy Yiuf.

Vanquished Creatures
  Terence (D:1)
  An adder (D:2)
  An ooze (D:2)
  4 giant cockroaches (D:1)
  2 goblins (D:2)
  2 hobgoblins (D:2)
  3 kobolds
  A ball python (D:1)
  2 bats (D:2)
  A frilled lizard (D:1)
  4 rats (D:1)
22 creatures vanquished.

Notes
Turn   | Place    | Note
-------+----------+-------------------------------------------
     0 | D:1      | Descartes the Felid Enchanter began the quest for the Orb.
     0 | D:1      | Reached XP level 1. HP: 7/7 MP: 4/4
   471 | D:1      | Reached XP level 2. HP: 11/11 MP: 6/6
   627 | D:2      | Noticed Terence
   920 | D:1      | Learned a level 2 spell: Ensorcelled Hibernation
  1913 | D:1      | Killed Terence
  1913 | D:1      | Reached XP level 3. HP: 12/14 MP: 3/7
  1993 | D:2      | Found a basalt altar of Yredelemnul.
  1999 | D:2      | Learned a level 3 spell: Confusing Touch
  2281 | D:2      | Reached skill level 5 in Stealth
  2535 | D:2      | Found a sparkling altar of Nemelex Xobeh.
  2562 | D:2      | Found a runed translucent door.
  2563 | D:2      | Noticed Crazy Yiuf
  2919 | D:2      | Slain by Crazy Yiuf

Illustrated notes

Levels and vault maps discovered:
D:1:      erik_arrival_triangle_large, layout_loops_ring
D:2:      layout_loops_ring, lemuel_crystal_altar,
          lemuel_coloured_pillars_altar, uniq_crazy_yiuf_cottage, uniq_terence

Skill      XL: |  1  2  3 |
---------------+----------+-----
Dodging        | 3 |  3.3
Unarmed Combat | 2 |  2.2
Stealth        | 5 |  5.1
Spellcasting   | |  2.0
Hexes          | |  4.9

Action                   || total
-------------------------++-------
Melee: Unarmed           ||    86
       Bite              ||     7
 Cast: Ensorcelled Hiber ||     6
       Corona            ||     5
 Stab: Sleeping          ||    15
  Eat: Chunk             ||     9
Dodge: Dodged            ||    56
